Map: Ruinas de Endión

Players

xXkazperXx - Winner!

  • Race: Zerg Zerg
  • League: Bronze

Bridgewater

  • Race: Terran Terran
  • League: Silver

VOD

Have the link to the VOD?

Description

Time

  • Played on: April 10, 2016, 4:25 p.m.
  • Length: 8:50
Show
View Real Time Build Order
Export as new Build Order

xXkazperXx Zerg - Winner!

Build Orders: Pool Only 

Get SALT Encoding   

  12  0:01  Drone  
  13  0:10  Drone  
  14  0:22  Overlord  
  14  0:37  Spawning Pool  
  14  0:39  Drone  
  14  0:43  Drone  
  15  0:53  Drone  
  15  0:54  Drone  
  17  1:02  Extractor, Drone  
  17  1:13  Drone  
  18  1:27  Queen  
  18  1:28  Zergling x2  
  21  1:35  Zergling x2  
  22  1:43  Roach Warren  
  22  1:45  Zergling x2  
  22  2:02  Overlord  
  22  2:18  Lair  
  22  2:24  Roach  
  22  2:25  Roach  
  26  2:34  Extractor  
  26  2:36  Roach  
  27  2:41  Roach  
  27  2:42  Overlord  
  29  2:55  Zergling x2  
  30  3:04  Roach x2  
  34  3:16  Roach  
  36  3:25  Hydralisk Den  
  35  3:30  Roach, Zergling x2  
  38  3:34  Overlord  
  38  4:03  Hydralisk x3  
  38  4:07  Overlord  
  40  5:08  Zergling x6  
  43  5:17  Pneumatized Carapace  
  43  5:50  Metabolic Boost  
  43  5:51  Glial Reconstitution  
  43  6:32  Hydralisk x4  
  43  6:33  Hydralisk  
  53  7:59  Spire  
Show
View Real Time Build Order
Export as new Build Order

Bridgewater Terran 

Build Orders:  

Get SALT Encoding   

  12  0:01  SCV  
  13  0:14  SCV  
  14  0:26  SCV  
  15  0:32  Supply Depot  
  15  0:34  Refinery  
  15  0:53  SCV  
  16  1:04  Barracks  
  16  1:05  SCV  
  17  1:18  SCV  
  18  1:30  SCV  
  19  1:41  Refinery  
  19  1:42  SCV  
  20  1:55  Orbital Command  
  20  2:00  Barracks Tech Lab  
  20  2:09  Factory  
  20  2:22  SCV  
  21  2:31  Command Center  
  21  2:34  SCV  
  22  2:43  Stimpack  
  22  2:51  SCV  
  23  2:59  Starport, Factory Tech Lab  
  23  3:40  Supply Depot  
  23  3:42  Marine, SCV  
  25  3:49  Starport Reactor  
  25  3:51  Siege Tank  
  25  3:54  SCV  
  29  4:00  Marine  
  29  4:02  Orbital Command  
  30  4:03  Refinery  
  30  4:18  Marine  
  31  4:35  Marine  
  18  5:35  Orbital Command  
  18  6:08  Engineering Bay  
  18  6:15  Starport  
  18  6:37  Hellion  
  17  7:15  Starport Tech Lab  
Tags
 
Add a new tag
Caveats
  • Supply blocks, unpowered buildings, or Contaminate may cause inaccurate times.
  • Supply counts are checked every 10 seconds.